 Dungeon Crawl Stone Soup version 0.22-a0-877-g5c4e1af (webtiles) character file.

226 prawnwizard the Slasher (level 5, -1/41 HPs)
             Began as a Demonspawn Gladiator on July 29, 2018.
             Slain by an orc
             ... wielding a +0 whip
              (2 damage)
             ... on level 3 of the Dungeon.
             The game lasted 00:03:23 (2974 turns).

prawnwizard the Slasher (Demonspawn Gladiator)      Turns: 2974, Time: 00:03:24

Health: -1/41      AC:  7    Str: 15    XL:     5   Next: 69%
Magic:  0/5        EV: 12    Int: 10    God:
Gold:   144        SH:  0    Dex: 14    Spells: 4/4 levels left

rFire    + . .     SeeInvis .   a - +0 long sword
rCold    . . .     Gourm    .   (no shield)
rNeg     . . .     Faith    .   m - +0 ring mail
rPois    .         Spirit   +   c - +0 helmet
rElec    .         Reflect  .   q - +0 cloak
rCorr    .         Harm     .   (no gloves)
MR       +....                  (no boots)
Stlth    +.........             (no amulet)
HPRegen  0.13/turn              s - ring of protection from magic
MPRegen  0.09/turn              (no ring)

@: no status effects
A: talons 1, fire resistance 1, magic shield
a: no special abilities


You were on level 3 of the Dungeon.
You were not hungry.

You visited 1 branch of the dungeon, and saw 4 of its levels.

You collected 144 gold pieces.

Inventory:

Hand Weapons
 a - a +0 long sword (weapon)
 o - a +1 long sword of holy wrath
Missiles
 d - 3 throwing nets (quivered)
Armour
 b - a +0 leather armour
 c - a +0 helmet (worn)
 m - a +0 ring mail (worn)
 q - a +0 cloak (worn)
 w - a +0 buckler
Jewellery
 s - a ring of protection from magic (left hand)
Scrolls
 h - a scroll of enchant armour {unknown}
 i - 2 scrolls of enchant weapon {unknown}
 j - 3 scrolls of blinking {unknown}
 k - 2 scrolls of immolation {unknown}
 l - 3 scrolls of identify {unknown}
 n - 3 scrolls of teleportation {unknown}
 t - a scroll of fog {unknown}
 v - 2 scrolls of magic mapping {unknown}
Potions
 e - a potion of flight {unknown}
 g - 2 potions of degeneration {unknown}
 p - 2 potions of might {unknown}
 r - a potion of cancellation {unknown}
 u - a potion of invisibility {unknown}
Comestibles
 f - 4 rations


   Skills:
 + Level 3.4 Fighting
 * Level 4.6 Long Blades
 - Level 1.7 Throwing
 + Level 3.6 Dodging


You had 4 spell levels left.
You didn't know any spells.
Your spell library was empty.

Dungeon Overview and Level Annotations

Branches:
Dungeon (4/15)
 Temple: D:4-7

Altars:


Innate Abilities, Weirdness & Mutations

You have sharp toenails.
Your flesh is heat resistant. (rF+)
When hurt, damage is shared between your health and your magic reserves.


Message History

The orc wizard hits you with a hand axe.
* * * LOW HITPOINT WARNING * * *
The orc barely misses you.
You hit the orc wizard.
The orc wizard is moderately wounded.
The orc wizard misses you. The orc completely misses you.
You hit the orc wizard. Your kick misses the orc wizard.
The orc wizard is moderately wounded.
The orc hits you but does no damage. The orc wizard barely misses you.
You slash the orc wizard!
The orc wizard is almost dead.
The orc hits you but does no damage.
The orc wizard hits you but does no damage.
The orc hits you but does no damage.
You closely miss the orc wizard.
The orc wizard is almost dead.
The orc wizard hits you with a hand axe.
* * * LOW HITPOINT WARNING * * *
The orc hits you with a whip.
You die...

#.##.#
#.##.#############
#.##..............
#.###########....#
#.#.....####..#.#.
#.....#.##........
#....<#.....####.#
#o÷......#...#...#
#@o............###
#.†.....####..##.#
#.......# #..#..'
#.......# #..##.#
#.....#.# #...###
#######.# #.....#
#.# #.....#
#.####.#....
####...........


You could see an orc wizard and an orc.

Vanquished Creatures
  A howler monkey (D:3)
  4 gnolls
  5 adders
  A worm (D:4)
  3 dart slugs (D:1)
  7 orcs
  8 giant cockroaches
  9 goblins
  9 hobgoblins
  13 jackals
  5 kobolds (D:1)
  A ball python (D:3)
  7 bats
  4 frilled lizards
  A quokka skeleton (D:4)
  8 rats
86 creatures vanquished.

Notes
Turn   | Place    | Note
-------+----------+-------------------------------------------
     0 | D:1      | prawnwizard the Demonspawn Gladiator began the quest for the Orb.
     0 | D:1      | Reached XP level 1. HP: 16/16 MP: 1/1
   270 | D:1      | Reached skill level 3 in Long Blades
   270 | D:1      | Gained mutation: You have sharp toenails. [demonic ancestry]
   270 | D:1      | Reached XP level 2. HP: 22/22 MP: 2/2
   505 | D:1      | Gained mutation: When hurt, damage is shared between your health and your magic reserves. [demonic ancestry]
   505 | D:1      | Reached XP level 3. HP: 18/28 MP: 3/3
  1103 | D:2      | Gained mutation: Your flesh is heat resistant. (rF+) [demonic ancestry]
  1103 | D:2      | Reached XP level 4. HP: 27/34 MP: 4/4
  1375 | D:2      | Reached skill level 4 in Long Blades
  1945 | D:3      | Reached XP level 5. HP: 41/41 MP: 5/5
  2974 | D:3      | HP: 1/41 [orc wizard/hand axe (4)]
  2974 | D:3      | Slain by an orc

Vault maps used:
D:1:      minmay_arrival_cross
D:3:      cheibrodos_greedy_goblins
D:4:      kennysheep_six_static_rooms, grunt_temple_overflow_gold_and_silver,
          serial_shops, nicolae_shop_stone, nicolae_shop_behind_doors, shop,
          nicolae_shop_trees, first_ration, gammafunk_ghost_arena,
          guppyfry_shop_venom

Skill      XL: |  1  2  3  4 |
---------------+-------------+-----
Long Blades    | 3 4 |  4.6
Dodging        | 3 |  3.6
Fighting       | 3 |  3.4
Throwing       | |  1.7

Action                   |  1- 3 |  4- 6 || total
-------------------------+-------+-------++-------
Melee: Long sword        |    68 |   136 ||   204
       Kick              |    11 |    47 ||    58
 Stab: Sleeping          |     1 |       ||     1
  Eat: Chunk             |     1 |     6 ||     7
Armor: Leather armour    |    22 |       ||    22
       Ring mail         |     8 |    63 ||    71
Dodge: Dodged            |    46 |   138 ||   184
       Rpst.: Long sword |    17 |    47 ||    64

Table legend:
 A = Spawn XP
 B = Non-spawn XP
 C = Spawn XP percentage of total XP
 D = Spawn monster count
 E = Non-spawn monster count
 F = Spawn count percentage of total count
 G = Total turns spent on level
                    A         B        C        D         E        F      G
               +---------+---------+-------+---------+---------+-------+---------
         Total |       0 |     324 |   0.0 |       0 |      86 |   0.0 |  2974
               +---------+---------+-------+---------+---------+-------+---------
           D:1 |       0 |      55 |   0.0 |       0 |      24 |   0.0 |  1000
           D:2 |       0 |     112 |   0.0 |       0 |      23 |   0.0 |   779
           D:3 |       0 |     138 |   0.0 |       0 |      32 |   0.0 |  1141
           D:4 |       0 |      19 |   0.0 |       0 |       7 |   0.0 |    54
               +---------+---------+-------+---------+---------+-------+---------
